 Dungeon Crawl Stone Soup version 0.32-a0-329-ge6c31236d6 (webtiles) character file.

Game seed: 17596304195770474829

10 Bravepunisher the Ducker (level 2, -2/16 HPs)
             Began as a Spriggan Monk on Feb 16, 2024.
             Killed by nerve-wracking pain
             ... invoked by an orc priest
              (5 damage)
             ... on level 4 of the Dungeon.
             The game lasted 00:02:22 (459 turns).

Bravepunisher the Ducker (Spriggan Monk)             Turns: 459, Time: 00:02:22

Health: -2/16      AC:  2    Str:  7    XL:     2   Next: 10%
Magic:  3/3        EV: 19    Int: 11    God:
Gold:   0          SH:  0    Dex: 17    Spells: 1/1 levels left

rFire   . . .        d - +4 dagger
rCold   . . .        (no shield)
rNeg    . . .        b - +0 robe
rPois   .            (helmet restricted)
rElec   .            (no cloak)
rCorr   .            (gloves unavailable)
SInv    +            (boots unavailable)
Will    .....        (no amulet)
Stlth   ++           (no ring)
HPRegen 0.22/turn    (no ring)
MPRegen 0.08/turn

%: no passive effects
@: very quick
A: very small, no large weapons, unfitting armour, see invisible, speed 3
a: Convert to Beogh


You were on level 4 of the Dungeon.
You visited 1 branch of the dungeon, and saw 4 of its levels.

Inventory:

Hand Weapons
 d - a +4 dagger (weapon)
Armour
 b - a +0 robe (worn)
Scrolls
 a - a scroll of vulnerability {unknown}
Potions
 c - a potion of ambrosia


   Skills:
 + Level 2.6 Fighting
 - Level 3.2 Short Blades
 * Level 4.6 Dodging


You had one spell level left.
You didn't know any spells.
Your spell library contained the following spells:

 Spells                   Type           Power      Damage    Failure   Level
 Conjure Ball Lightning   Conj/Air       0%         3x3d6     100%        6
 Discord                  Hex            0%         N/A       100%        8
 Disjunction              Tloc           0%         N/A       100%        8


Dungeon Overview and Level Annotations

Branches:
Dungeon (4/15)
 Temple: D:4-7

Altars:

Annotations:
D:2 Sigmund
D:3 Terence


Innate Abilities, Weirdness & Mutations

You are very small and have problems with some larger weapons.
You are too small for most types of armour.
You have supernaturally acute eyesight. (SInv)
You cover ground extremely quickly. (Speed+++)


Message History

There is a stone staircase leading up here.
A kobold comes into view. It is wielding a +0 dagger.
A kobold is nearby!
An endoplasm comes into view.
The kobold shouts!
The endoplasm quivers.
A kobold comes into view. It is wielding a +0 dagger.
The endoplasm barely misses you.
Found a stone staircase leading up.
Found a short sword.
Found a scroll labelled OFI JAMUITIAT.
a - a scroll labelled OFI JAMUITIAT
Found a scroll labelled SEUCATE BEPREF.
A ribbon worm comes into view.
Found 5 gold pieces.
An ogre comes into view. It is wielding a +0 giant spiked club.
An orc priest comes into view. It is wielding a +0 hand axe.
The orc priest shouts!
An iguana comes into view.
An orc priest comes into view. It is wielding a +0 mace.
The orc priest shouts!
The orc priest invokes the aid of Beogh against you.
Beogh smites you!
Ouch! That really hurt!
* * * LOW HITPOINT WARNING * * *
An orc priest comes into view. It is wielding a +0 whip.
The orc priest moves out of view.
The orc priest shouts!
The orc priest shouts, "Beogh offers mercy even to people such as you.
Join us and be reborn!"
The orc priest threatens, "Beogh's wrath is as vast as their mercy.
Make your choice!" (press Y on the ability menu to convert to Beogh)
An orc comes into view. It is wielding a +0 war axe.
The orc shouts!
The ribbon worm expels a string of sticky webbing.
The stream of webbing misses you.
The orc priest casts a cantrip, but nothing happens.
Unknown command.
The orc priest calls down the wrath of Beogh upon you.
Pain shoots through your body!
You die...

###### ###.....###
#.........# #####
#.......... ##....####
##.......... .........#
#.o.l.......
.........####.....o.o...
..........##..#....o....
.............###@......#
............## ##...####
..........w..# ####
...$.........#
.............#
.............#
.............#
.............## ######
..............## ##.....


You could see an iguana, 3 orc priests and an orc.

Vanquished Creatures
  A bat (D:2)
  2 endoplasms (D:2)
  A jackal (D:2)
  A quokka (D:2)
5 creatures vanquished.

Notes
Turn   | Place    | Note
-------+----------+-------------------------------------------
     0 | D:1      | Bravepunisher the Spriggan Monk began the quest for the
                  | Orb.
     0 | D:1      | Reached XP level 1. HP: 11/11 MP: 2/2
    41 | D:2      | Noticed Sigmund
   166 | D:2      | Reached XP level 2. HP: 10/16 MP: 3/3
   252 | D:3      | Noticed Terence
   449 | D:4      | Noticed an ogre
   459 | D:4      | Killed from afar by an orc priest

Illustrated notes

Levels and vault maps discovered:
D:1:      minmay_arrival_four_circles, layout_basic
D:2:      minmay_chambers_of_ones, layout_basic, uniq_crazy_yiuf_cottage,
          uniq_sigmund
D:3:      layout_rooms, grunt_temple_overflow_holy_war,
          nicolae_overflow_macrodata_refinement, serial_shops,
          nicolae_shop_dealshenge, kennysheep_boxes, uniq_terence
D:4:      layout_cave_pods, hangedman_abyss_or_decor_lesser_grid, uniq_grinder

Action                     || total
---------------------------++-------
  Melee: Dagger            ||     9
   Stab: Sleeping          ||     2
 Armour: Robe              ||     3
  Dodge: Dodged            ||    20

Table legend: (Time is in decaauts)
 A = Elapsed time spent in this place.
 B = Non-inter-level travel time spent in this place.
 C = Inter-level travel time spent in this place.
 D = Time resting spent in this place.
 E = Time spent auto-exploring this place.
 F = Levels seen in this place.
 G = Mean time per level.
                   A        B        C        D        E       F      G
               +--------+--------+--------+--------+--------+-----+--------+
         Total |    297 |    297 |      0 |     24 |     35 |   4 |   74.2 |
       Dungeon |    297 |    297 |      0 |     24 |     35 |   4 |   74.2 |
               +--------+--------+--------+--------+--------+-----+--------+

Top non-repeatable levels by time:
     D:2: 141 daAuts
     D:4: 81 daAuts
     D:3: 45 daAuts
     D:1: 28 daAuts
